 Dungeon Crawl Stone Soup version 0.18-a0-1267-gff090c1 (webtiles) character file.

182 RedPan the Covered (level 5, -5/41 HPs)
             Began as a Formicid Fighter on Feb 7, 2016.
             Slain by an ogre
             ... wielding a +0 giant club
              (20 damage)
             ... on level 4 of the Dungeon.
             The game lasted 00:06:37 (4155 turns).

RedPan the Covered (Formicid Fighter)               Turns: 4155, Time: 00:06:37

Health: -5/41      AC:  7    Str: 18 (19) XL:     5   Next: 93%
Magic:  5/5        EV:  8    Int:  7 (8)  God:
Gold:   195        SH:  9    Dex:  7 (8)  Spells: 0 memorised, 4 levels left

rFire  . . .     SeeInvis +     a - +0 flail
rCold  . . .     Gourm    .     b - +0 scale mail
rNeg   . . .     Faith    .     c - +0 shield
rPois  .         Spirit   .     (helmet unavailable)
rElec  .         Dismiss  .     (no cloak)
rCorr  .         Reflect  .     (no gloves)
SustAt .         Harm     .     (no boots)
MR     .....                    (no amulet)
Stlth  ..........               (no ring)
                                (no ring)

@: not resistant to hostile enchantments, extremely unstealthy
A: permanent stasis, dig shafts and tunnels, four strong arms, antennae 3,
clumsy 1, weak 1, sturdy frame 1
a: Dig, Shaft Self


You were on level 4 of the Dungeon.
You were very hungry.

You visited 1 branch of the dungeon, and saw 4 of its levels.

You collected 195 gold pieces.

Inventory:

Hand Weapons
 a - a +0 flail (weapon)
Armour
 b - a +0 scale mail (worn)
 c - a +0 shield (worn)
Rods
 p - a +0 rod of inaccuracy (14/14)
   (You found it on level 2 of the Dungeon)
Jewellery
 n - an uncursed amulet of faith
Scrolls
 e - 3 scrolls of fear
 i - a scroll of amnesia
 j - 9 scrolls of identify
 k - a scroll of magic mapping
 l - 3 scrolls of random uselessness {unknown}
Potions
 d - a potion of might
Comestibles
 f - 4 bread rations
 g - a royal jelly
 h - 2 beef jerkies
 r - 2 meat rations


   Skills:
 - Level 3.4 Fighting
 + Level 4.4 Maces & Flails
 - Level 4.6 Armour
 - Level 4.0 Shields


You had 4 spell levels left.
You didn't know any spells.

Dungeon Overview and Level Annotations

Branches:
Dungeon (4/15)
 Temple: D:4-7

Altars:
Ashenzari
Pakellas
Vehumet
Zin

Annotations:
D:4 exclusion: statue


Innate Abilities, Weirdness & Mutations

You are under a permanent stasis effect.
You can dig through walls and to a lower floor.
Your four strong arms can wield two-handed weapons with a shield.
You have a pair of large antennae on your head (SInv).
You are clumsy. (Dex -2)
You are weak. (Str -2)
Your movements are slightly less encumbered by armour (ER -2).


Message History

You hit the ogre but do no damage.
The ogre is lightly wounded.
The ogre closely misses you.
You hit the ogre but do no damage.
The ogre is lightly wounded.
You block the ogre's attack.
You hit the ogre but do no damage.
The ogre is lightly wounded.
The ogre closely misses you.
You hit the ogre.
The ogre is lightly wounded.
The ogre hits you with a giant club!!
Ouch! That really hurt!
You barely miss the ogre.
The ogre is lightly wounded.
The ogre completely misses you.
You hit the ogre but do no damage.
The ogre is lightly wounded.
The ogre hits you with a giant club!!
You die...

...####....#
.##........#...
.##?.......#.<.#
..#........#....
...........##...##
.##.........#....##
.##.........##....##
.##..........#.♣...#
.##.........##.O@..##
.###........#....#..#
.# #.......##...###.#
.#
#.......#....#...## {
.#
##......#.>.##.#..#
######.#...#.###.#
#.###### #.## {#....#
##.## #..).# ###..###


You could see an ogre.

Vanquished Creatures
  2 worker ants (D:4)
  8 adders
  An ooze (D:2)
  A worm (D:3)
  5 giant geckos
  11 bats
  3 giant cockroaches
  5 goblins
  2 hobgoblins
  11 kobolds
  A ball python (D:2)
  8 rats
58 creatures vanquished.

Notes
Turn   | Place    | Note
--------------------------------------------------------------
     0 | D:1      | RedPan the Formicid Fighter began the quest for the Orb.
     0 | D:1      | Reached XP level 1. HP: 18/18 MP: 1/1
   126 | D:1      | Reached XP level 2. HP: 16/24 MP: 2/2
   531 | D:1      | Reached skill level 4 in Shields
   861 | D:2      | Reached XP level 3. HP: 25/29 MP: 3/3
  1192 | D:2      | Reached XP level 4. HP: 22/35 MP: 4/4
  1555 | D:2      | Identified a +0 rod of inaccuracy (14/14) (You found it on level 2 of the Dungeon)
  1700 | D:2      | Found a shattered altar of Ashenzari.
  2129 | D:2      | Gained mutation: You are clumsy. (Dex -2) [potion of mutation]
  2129 | D:2      | Gained mutation: You are weak. (Str -2) [potion of mutation]
  2129 | D:2      | Gained mutation: Your movements are slightly less encumbered by armour (ER -2). [potion of mutation]
  2310 | D:3      | Reached XP level 5. HP: 38/41 MP: 5/5
  3254 | D:3      | Found an oddly glowing altar of Pakellas.
  3254 | D:3      | Found a glowing silver altar of Zin.
  4092 | D:4      | Found a radiant altar of Vehumet.
  4092 | D:4      | Noticed a frost-covered statue
  4147 | D:4      | Noticed an ogre
  4155 | D:4      | Slain by an ogre

Vault maps used:
D:1:      erik_arrival_cave_to_civilisation, serial_bayou_ford_a, fountainhead
D:2:      first_bread, ashenzari_altar_1
D:3:      gammafunk_temple_overflow_wave
D:4:      vehumet_statue, grunt_ministairs_12, st_stairs_2,
          hangedman_glass_teeth, led_sif_book

Action                   |  1- 3 |  4- 6 || total
-------------------------+-------+-------++-------
Melee: Flail             |    80 |   172 ||   252
  Use: Potion            |       |     7 ||     7
       Scroll            |       |     5 ||     5
  Eat: Chunk             |     1 |     7 ||     8
       Beef jerky        |       |     1 ||     1
